 Dungeon Crawl Stone Soup version 0.30-a0-760-g5a9884bb7c (webtiles) character file.

Game seed: 18361239795391314083

205524 Angani the Spry (level 18, -3/152 (166) HPs)
             Began as a Black Draconian Hedge Wizard on Feb 10, 2023.
             Was the Champion of Ru.
             Killed themself with a bounced orb of electricity (5 damage)
             ... on level 1 of the Elven Halls on Feb 11, 2023.
             The game lasted 01:18:08 (41706 turns).

Angani the Spry (Black Draconian Hedge Wizard)     Turns: 41706, Time: 01:18:08

HP:   -3/152 (166)  AC: 17    Str: 16    XL:     18   Next: 42%
MP:   35/35         EV: 19    Int: 21    God:    Ru [******]
Gold: 1561          SH:  5    Dex: 12    Spells: 22/43 levels left

rFire   + . .      SeeInvis +    e - +7 executioner's axe of Dissent {flame, Str+3}
rCold   + . .      Faith    .    (shield currently unavailable)
rNeg    + . .      Spirit   .    (body armour unavailable)
rPois   +          Reflect  +    f - -2 hat of the Alchemist {rElec rPois rF+ rC+ rN+ Will+ rMut rCorr}
rElec   +          Harm     .    g - +2 cloak
rCorr   +          Rampage  .    B - +2 pair of gloves
rMut    +                        D - +2 pair of boots
Will    ++...                    H - amulet of reflection Stlth
                                 L - ring of see invisible
HPRegen 0.45/turn                s - ring of willpower
MPRegen 0.24/turn

@: exhausted, flying, drained, unable to drink
A: breathe lightning, AC +10, unfitting armour, big wings, electricity
resistance, no potion heal 1, cold-blooded, inability to drink after injury 2,
no stealth, inability to use devices, no fire magic, no hexes magic, no
summoning magic, weak-willed 1
a: Breathe Lightning, Renounce Religion, Draw Out Power, Power Leap, Apocalypse


You were on level 1 of the Elven Halls.
You worshipped Ru.
Ru was exalted by your worship.
You visited 6 branches of the dungeon, and saw 29 of its levels.
You visited the Abyss 1 time.
You also visited: Sewer and Volcano.

You collected 3135 gold pieces.
You spent 1574 gold pieces at shops.

Inventory:

Hand Weapons
 a - a +0 dagger
 e - the +7 executioner's axe of Dissent (weapon) {flame, Str+3}
   (You acquired it on level 1 of the Dungeon)

   Str:       It affects your strength (+3).
 l - a +2 broad axe of electrocution
 P - a +0 triple crossbow
Missiles
 G - a throwing net
 K - a curare-tipped dart
Armour
 f - the -2 hat of the Alchemist (worn) {rElec rPois rF+ rC+ rN+ Will+ rMut rCorr}
   (You found it on level 2 of the Lair of Beasts)

   rF:        It protects you from fire.
   rC:        It protects you from cold.
   rElec:     It insulates you from electricity.
   rPois:     It protects you from poison.
   rN:        It protects you from negative energy.
   rCorr:     It protects you from acid and corrosion.
   rMut:      It protects you from mutation.
   Will:      It increases your willpower.
 g - a +2 cloak (worn)
 B - a +2 pair of gloves (worn)
 D - a +2 pair of boots (worn)
Jewellery
 d - a +4 ring of protection
 p - a +5 ring of evasion
 s - a ring of willpower (right hand)
 E - a ring of fire
 H - an amulet of reflection (around neck)
 J - a ring of positive energy
 L - a ring of see invisible (left hand)
Scrolls
 b - 4 scrolls of teleportation
 n - 3 scrolls of fog
 u - 6 scrolls of immolation
 w - 6 scrolls of amnesia
 x - 6 scrolls of identify
 y - 4 scrolls of enchant weapon
 F - 2 scrolls of silence
 I - 2 scrolls of fear
 M - a scroll of magic mapping
 N - a scroll of enchant armour
Potions
 c - 6 potions of magic
 h - 9 potions of heal wounds
 i - 9 potions of haste
 j - 12 potions of curing
 k - 8 potions of brilliance
 m - a potion of invisibility
 o - 3 potions of resistance
 q - 6 potions of lignification
 r - 2 potions of cancellation
 v - 3 potions of attraction
 z - 2 potions of berserk rage
 A - 4 potions of mutation
 C - 5 potions of might
 O - a potion of ambrosia


   Skills:
 - Level 16.0 Fighting
 - Level 16.0 Axes
 - Level 16.3 Dodging
 + Level 13.4 Spellcasting
 - Level 6.1 Conjurations
 - Level 1.0 Translocations
 + Level 15.9 Air Magic


You had 22 spell levels left.
You knew the following spells:

 Your Spells              Type           Power      Damage    Failure   Level
a - Magic Dart            Conj           100%       1d8       1%          1
b - Mephitic Cloud        Conj/Pois/Air  44%        N/A       1%          3
c - Swiftness             Air            69%        N/A       1%          3
d - Blink                 Tloc           36%        N/A       4%          2
e - Airstrike             Air            34%        2d(5-21)  1%          4
f - Maxwell's Capacitive  Air            34%        ∞         41%         8

Your spell library contained the following spells:

 Spells                   Type           Power      Damage    Failure   Level
 Kiss of Death            Conj/Necr      100%       2d13      1%          1
 Shock                    Conj/Air       100%       1d9       1%          1
 Cigotuvi's Dreadful Rot  Necr/Pois/Air  72%        N/A       1%          2
 Poisonous Vapours        Pois/Air       94%        N/A       1%          2
 Stone Arrow              Conj/Erth      54%        3d10      3%          3
 Sandblast                Erth           28%        2d8       4%          1
 Vampiric Draining        Necr           14%        2d7       14%         3
 Borgnjor's Vile Clutch   Necr/Erth      7%         N/A       77%         5
 Lee's Rapid Deconstruct  Erth           7%         3d6*      77%         5
 Storm Form               Tmut/Air       23%        N/A       83%         7
 Statue Form              Tmut/Erth      9%         N/A       100%        6
 Lehudib's Crystal Spear  Conj/Erth      13%        10d5      100%        8
 Chain Lightning          Conj/Air       28%        3d38      100%        9
 Shatter                  Erth           7%         3d9*      100%        9
 Summon Lightning Spire   Summ/Air       Unusable   N/A       N/A         4
 Dazzling Flash           Conj/Hex       Unusable   N/A       N/A         3
 Slow                     Hex            Unusable   N/A       N/A         1
 Call Imp                 Summ           Unusable   N/A       N/A         2
 Confusing Touch          Hex            Unusable   N/A       N/A         3
 Inner Flame              Hex/Fire       Unusable   N/A       N/A         3
 Tukima's Dance           Hex            Unusable   N/A       N/A         3
 Fire Storm               Conj/Fire      Unusable   8d4       N/A         9

Dungeon Overview and Level Annotations

Branches:
Dungeon (15/15)            Temple (0/1) D:4            Lair (5/5) D:8
 Shoals (3/4) Lair:2        Snake (3/4) Lair:3        Slime (0/5) Lair:5
    Orc (2/2) D:11            Elf (1/3) Orc:2        Vaults (0/5) D:14
 Depths (0/4) D:15          Sewer (visited)         Volcano (visited)

Altars:
Cheibriados
Hepliaklqana
Kikubaaqudgha
Makhleb
Okawaru
Ru
Sif Muna
Uskayaw
Wu Jian
Yredelemnul
The Shining One

Shops:
D:2 [   D:5 :   D:9 :   D:11 (!(!   D:15 ![*(   Orc:2 [:?   Shoals:3 (!
Snake:3 [(((

Portals:
Pandemonium: Orc:2
Trove: D:12 (give +8 demon whip)

Annotations:
Lair:1 1 runed translucent door, Kifaisig's ghost, journeyman DgEE
Lair:2 6 runed translucent doors, exclusion: 6 doors
Shoals:3 1 runed translucent door, exclusion: door


Innate Abilities, Weirdness & Mutations

You can breathe wild blasts of lightning.
Your glossy black scales are hard. (AC +10)
You cannot fit into any form of body armour.
Your large and strong wings let you fly.
You are resistant to electric shocks. (rElec)
Potions are less effective at restoring your health.
You are cold-blooded and may be slowed by cold attacks.
You sometimes lose the ability to drink potions when taking damage.
You cannot be stealthy.
You cannot study or use magical devices.
You cannot study or cast Fire magic.
You cannot study or cast Hexes magic.
You cannot study or cast Summoning magic.
You are slightly weak-willed. (Will-)


Message History

You burn the deep elf knight.
You kill the deep elf knight!
A deep elf death mage comes into view. It is wielding a +0 short sword.
The deep elf death mage hits you but does no damage.
Things that are here:
a +0 long sword; a +0 scale mail You barely miss the deep elf death mage.
The deep elf death mage begins to cast a spell, but is stunned by your conviction!
You slash the deep elf death mage! You burn the deep elf death mage.
Your tail-slap misses the deep elf death mage.
The deep elf death mage is lightly wounded.
The deep elf death mage hits you with a +0 short sword.
* * * LOW HITPOINT WARNING * * *
The deep elf pyromancer begins to cast a spell, but is stunned by your conviction!
The deep elf death mage completely misses you.
You slice the deep elf death mage!! You burn the deep elf death mage.
The deep elf death mage is heavily wounded.
The deep elf death mage draws life force from you!
* * * LOW HITPOINT WARNING * * *
The deep elf death mage is healed by the life force!
You slice the deep elf death mage!! You burn the deep elf death mage!
Your tail-slap misses the deep elf death mage.
The deep elf death mage is almost dead.
The deep elf death mage draws life force from you!
* * * LOW HITPOINT WARNING * * *
The deep elf death mage is healed by the life force!
You cannot drink potions in your current state!
Okay, then.
Activating: Breathe Lightning (1% risk of failure)
Press: ? - help, Dir - look around, f - activate You breathe a wild blast of lightning!
The orb of electricity explodes!
The orb of electricity engulfs you. You resist.
* * * LOW HITPOINT WARNING * * *
The orb of electricity engulfs the deep elf death mage!!!
You kill the deep elf death mage!
The orb of electricity engulfs the deep elf pyromancer!!!
You kill the deep elf pyromancer!
The orb of electricity explodes!
The orb of electricity engulfs you. You resist.
You die...

##.....# . #......#
#. ##......# #.#
#.......# #.#
##......## #.#
##+.......##
#.###)##.....####+##
#.##.###.....+#.....
#+###'#@##
###'###'.....
#....))## #.#
#...... ##...).##
#.###......
#.....).#
#.##.......
#.....).#
#.###......
#.......# #.#
#...... ##.....##
#.# ##.....
#....)'## #.# #.....
########.## ######


There were no monsters in sight!

Vanquished Creatures
  Saint Roka (Orc:1)
  Jorgrun (D:13)
  Rupert (D:13)
  Mlioglotl (Shoals:3)
  2 krakens
  Kirke (D:15)
  Donald (Snake:2)
  Aizul (Snake:3)
  An ironbound preserver (D:14)
  An orc warlord (Orc:2)
  An ophan (Abyss:1)
  A very ugly thing (D:15)
  Nessos (D:15)
  A deep elf demonologist (Elf:1)
  Azrael (Orc:1)
  A deep elf death mage (Elf:1)
  A merfolk javelineer (Shoals:1)
  Josephine (D:10)
  A great orb of eyes (D:15)
  2 hydras (Lair:4)
  A rakshasa (D:14)
  4 merfolk impalers
  10 anacondas
  3 demonspawn (Orc:2)
  A death knight (D:14)
  4 centaur warriors
  A satyr (Shoals:3)
  3 merfolk avatars
  A jorogumo (shapeshifter) (D:15)
  5 merfolk aquamancers
  5 two-headed ogres
  3 boulder beetles
  7 orc high priests (Orc:2)
  5 shock serpents
  3 naga warriors
  A thrashing horror (Abyss:1)
  2 deep elf knights (Elf:1)
  A wretched star (Abyss:1)
  12 naga sharpshooters
  A sixfirhy (Orc:2)
  2 salamander mystics
  4 sea snakes
  A deep elf archer (Elf:1)
  3 naga ritualists
  13 harpies
  9 deep elf pyromancers
  6 orc knights
  2 wolf spiders (Lair:2)
  A mana viper (Snake:1)
  8 manticores
  12 ugly things
  6 orc sorcerers
  A necromancer (Lair:3)
  13 fauns
  2 deep elf zephyrmancers (Elf:1)
  10 salamanders
  7 cyclopes
  8 merfolk sirens
  A moth of wrath (shapeshifter) (D:14)
  6 water nymphs
  2 rust devils
  25 elephants
  25 black mambas
  2 naga magi
  9 cane toads
  An unseen horror (D:13)
  2 efreet
  Psyche (D:12)
  3 rime drakes
  A tengu conjurer (D:14)
  5 yaktaurs (D:15)
  An ice devil (Orc:2)
  A freezing wraith (D:15)
  4 kobold demonologists
  A polar bear (D:8)
  4 komodo dragons
  An ancient zyme (Abyss:1)
  A meliai (D:14)
  17 trolls
  12 merfolk
  A hellwing (Orc:2)
  A wind drake (Shoals:3)
  A queen bee (D:9)
  2 hornets
  7 raiju (Abyss:1)
  2 dream sheep (Shoals:3)
  12 blink frogs
  7 snapping turtles
  4 flying skulls (Abyss:1)
  2 shadows
  13 slime creatures
  8 wraiths
  A ynoxinul (Abyss:1)
  2 vampires
  4 water elementals
  3 wyverns
  3 hogs (D:15)
  46 yaks
  Grum (D:9)
  4 fire elementals (Orc:1)
  2 fire bats (Volcano)
  6 large abominations (Abyss:1)
  2 basilisks
  2 chaos spawn (Abyss:1)
  2 redbacks
  2 steam dragons
  9 vampire mosquitoes
  2 wargs
  17 nagas
  5 hell hounds
  8 water moccasins
  2 black bears
  A sky beast (D:6)
  3 elephant zombies (Lair:3)
  45 orc warriors
  10 ice beasts
  12 wolves
  A wolf (shapeshifter) (D:15)
  8 ogres
  10 centaurs
  8 starcursed masses (Abyss:1)
  A phantom (D:4)
  3 kobold brigands
  13 bullfrogs
  A gnoll sergeant (D:11)
  2 scorpions
  A necrophage (D:8)
  9 wights
  3 small abominations (Abyss:1)
  6 killer bees
  5 electric eels
  A howler monkey (D:12)
  A quasit (Abyss:1)
  A basilisk zombie (Lair:3)
  4 hounds
  26 orc priests
  A jelly (D:6)
  An iguana (D:4)
  Terence (D:2)
  17 orc wizards
  7 hell rats (Lair:4)
  4 adders
  7 gnolls
  8 river rats (Sewer)
  2 shadow imps (D:6)
  2 white imps
  7 ufetubi
  A dart slug (D:2)
  102 orcs
  8 endoplasms
  7 giant cockroaches
  10 goblins
  7 hobgoblins
  7 jackals
  9 quokkas
  11 ball pythons
  3 bats
  A frilled lizard (D:1)
  40 kobolds
  18 rats
  2 tentacles (Shoals:3)
969 creatures vanquished.

Vanquished Creatures (others)
  A merfolk impaler (Shoals:2)
  A deep elf knight (Elf:1)
  2 harpies (Shoals:3)
  An orc sorcerer (Orc:2)
  A cyclops (D:14)
  A faun (Shoals:2)
  A manticore (Shoals:3)
  An ancient zyme (Abyss:1)
  3 merfolk
  A water elemental (Shoals:3)
  2 orc warriors
  A killer bee (D:9)
  A howler monkey (D:12)
  A quasit (Abyss:1)
  2 orc priests (Orc:2)
  An orc wizard (D:8)
  An ufetubus (Abyss:1)
  5 orcs
  A demonic plant (D:6)
  24 fungi
  A lurking horror (Abyss:1)
  104 plants
  6 tentacles
163 creatures vanquished.

Grand Total: 1132 creatures vanquished

Notes
Turn   | Place    | Note
-------+----------+-------------------------------------------
     0 | D:1      | Angani the Draconian Hedge Wizard began the quest for the
                  | Orb.
     0 | D:1      | Reached XP level 1. HP: 14/14 MP: 4/4
   272 | D:1      | Found a faded altar of an unknown god.
   303 | D:1      | Prayed at the altar of an unknown god.
   303 | D:1      | Became a worshipper of Ru the Awakened
   307 | D:1      | Gained mutation: You cannot study or cast Fire magic. [Ru
                  | sacrifice]
   307 | D:1      | Gained mutation: You cannot study or cast Hexes magic. [Ru
                  | sacrifice]
   307 | D:1      | Gained mutation: You cannot study or cast Summoning magic.
                  | [Ru sacrifice]
   307 | D:1      | Reached * piety under Ru
   425 | D:1      | Reached XP level 2. HP: 20/20 MP: 4/6
  1290 | D:1      | Identified a scroll of acquirement
  1290 | D:1      | Acquired the +7 executioner's axe of Dissent {flame, Str+3}
  1416 | D:2      | Noticed Terence
  1422 | D:2      | Killed Terence
  1423 | D:2      | Reached XP level 3. HP: 17/26 MP: 8/8
  1468 | D:2      | Reached skill level 1 in Axes
  1588 | D:2      | Found Fasiyqoq's Armour Shop.
  1886 | D:3      | Noticed a +0 hand axe
  1886 | D:3      | Noticed a +0 hand axe
  1891 | D:3      | Found a hide-covered altar of Uskayaw.
  1904 | D:3      | Reached XP level 4. HP: 33/33 MP: 3/9
  2171 | D:3      | Found a hazy altar of Hepliaklqana.
  2310 | D:3      | Found an iron altar of Okawaru.
  2616 | D:4      | Found a staircase to the Ecumenical Temple.
  2827 | D:4      | Reached XP level 5. HP: 35/38 MP: 9/11
  2827 | D:4      | Noticed a phantom
  2834 | D:4      | Killed a phantom
  3050 | D:4      | Noticed an ice beast
  3058 | D:4      | Killed an ice beast
  3059 | D:4      | Reached XP level 6. HP: 32/45 MP: 6/12
  3266 | D:4      | Found a burning altar of Makhleb.
  3425 | D:4      | Gained mutation: You occasionally lose the ability to drink
                  | potions when taking damage. [Ru sacrifice]
  3425 | D:4      | Gained mutation: You sometimes lose the ability to drink
                  | potions when taking damage. [Ru sacrifice]
  3425 | D:4      | Reached ** piety under Ru
  3629 | D:4      | Found a glowing golden altar of the Shining One.
  3631 | D:4      | Noticed an angel
  3666 | D:4      | Found a basalt altar of Yredelemnul.
  3683 | D:4      | Noticed a profane servitor
  3702 | D:5      | Entered Level 5 of the Dungeon
  3734 | D:5      | Found a glowing drain.
  3768 | Sewer    | Entered a sewer
  4132 | Sewer    | Reached skill level 5 in Spellcasting
  4229 | Sewer    | Your scales start taking on a glossy black colour.
  4229 | Sewer    | Reached XP level 7. HP: 50/50 MP: 14/14
  4229 | Sewer    | Gained mutation: You are resistant to electric shocks.
                  | (rElec) [Black Draconian growth]
  4495 | D:5      | Noticed a wraith
  4503 | D:5      | Killed a wraith
  4659 | D:5      | Found Fintaeqogg's Self-Improvement Boutique.
  4754 | D:5      | Reached skill level 5 in Conjurations
  5105 | D:5      | Found an ancient bone altar of Kikubaaqudgha.
  5123 | D:5      | Reached skill level 5 in Axes
  5123 | D:5      | Reached XP level 8. HP: 57/57 MP: 10/16
  5413 | D:5      | Noticed a hornet
  5415 | D:5      | a hornet changed into a steam dragon
  5844 | D:6      | Gained mutation: Potions are less effective at restoring
                  | your health. [Ru sacrifice]
  5844 | D:6      | Reached *** piety under Ru
  5873 | D:6      | Reached skill level 1 in Fighting
  6587 | D:7      | Noticed a hornet
  6590 | D:7      | Paralysed by a hornet for 3 turns
  6593 | D:7      | Killed a hornet
  6594 | D:7      | Reached XP level 9. HP: 59/70 MP: 18/18
  6849 | D:7      | Noticed a manticore
  6851 | D:7      | Killed a manticore
  7188 | D:7      | Found a sacrificial altar of Ru.
  7367 | D:8      | Learned a level 3 spell: Mephitic Cloud
  7371 | D:8      | Learned a level 3 spell: Swiftness
  7374 | D:8      | Learned a level 2 spell: Blink
  7379 | D:8      | Learned a level 4 spell: Airstrike
  7465 | D:8      | Reached skill level 1 in Air Magic
  7467 | D:8      | Reached skill level 5 in Fighting
  7558 | D:8      | Reached skill level 5 in Dodging
  7597 | D:8      | Reached XP level 10. HP: 83/83 MP: 17/19
  8055 | D:8      | Got the Vellum of the Secret Underlurkers
  8085 | D:8      | Found a staircase to the Lair.
  8477 | D:9      | Noticed Grum
  8480 | D:9      | Reached skill level 5 in Air Magic
  8489 | D:9      | Killed Grum
  8503 | D:9      | Identified the +1 leather armour of Integrity {Stlth+}
  9042 | D:9      | Found Laidops's Book Shoppe.
  9416 | D:9      | Gained mutation: You cannot be stealthy. [Ru sacrifice]
  9605 | D:9      | Noticed a two-headed ogre
  9611 | D:9      | Killed a two-headed ogre
  9612 | D:9      | Reached XP level 11. HP: 84/94 MP: 17/20
  9924 | D:10     | Entered Level 10 of the Dungeon
 10650 | D:10     | Found an ornate altar of the Wu Jian Council.
 10704 | D:10     | Noticed a sixfirhy
 10818 | D:10     | Noticed Josephine
 10827 | D:10     | Killed Josephine
 11048 | Lair:1   | Entered Level 1 of the Lair of Beasts
 11114 | Lair:1   | Reached skill level 10 in Axes
 11846 | Lair:1   | Found a runed translucent door.
 12161 | Lair:1   | Noticed Kifaisig's ghost (journeyman DgEE)
 12310 | Lair:1   | Gained mutation: You cannot study or use magical devices.
                  | [Ru sacrifice]
 12310 | Lair:1   | Reached **** piety under Ru
 12310 | Lair:1   | Reached ***** piety under Ru
 12444 | Lair:1   | Reached skill level 10 in Fighting
 12841 | Lair:2   | Found a runed translucent door.
 12930 | Lair:2   | Reached XP level 12. HP: 78/106 MP: 21/21
 13259 | Lair:2   | Reached skill level 10 in Dodging
 13489 | Lair:2   | Found a staircase to the Shoals.
 14029 | Lair:2   | Found the -2 hat of the Alchemist {rElec rPois rF+ rC+ rN+
                  | Will+ rMut rCorr}
 14380 | Lair:2   | Found a runed translucent gate.
 14380 | Lair:2   | Found a runed translucent gate.
 14380 | Lair:2   | Found a runed translucent gate.
 14380 | Lair:2   | Found a runed translucent gate.
 14380 | Lair:2   | Found a runed translucent gate.
 14380 | Lair:2   | Found a runed translucent gate.
 14380 | Lair:2   | Noticed a boulder beetle
 14525 | Lair:3   | Found a staircase to the Snake Pit.
 14694 | Lair:3   | Gained mutation: You are slightly weak-willed. (Will-) [Ru
                  | sacrifice]
 14694 | Lair:3   | Reached ****** piety under Ru
 15819 | Lair:4   | Noticed an eight-headed hydra
 15823 | Lair:4   | Reached XP level 13. HP: 84/113 MP: 13/22
 16233 | Lair:4   | Found a snail-covered altar of Cheibriados.
 16307 | Lair:4   | Reached skill level 15 in Axes
 16443 | Lair:4   | Got the Almanac of Petrous Charms
 16943 | Lair:5   | Entered Level 5 of the Lair of Beasts
 16948 | Lair:5   | Found a staircase to the Slime Pits.
 17046 | Lair:5   | Found a dark tunnel.
 17150 | Volcano  | Entered a volcano
 18213 | D:5      | Bought a manual of Dodging for 960 gold pieces
 18337 | D:11     | Identified the +9 war axe of Recklessness {freeze, Str+3}
 19005 | D:11     | Found Qicwiheu's Weapon Shoppe.
 19269 | D:11     | Found Xoagasuj's Distillery.
 19275 | D:11     | Bought a potion of lignification for 45 gold pieces
 19275 | D:11     | Bought a potion of degeneration for 15 gold pieces
 19685 | D:11     | Found Kel Ixt's Antique Weapon Boutique.
 19821 | D:11     | Found Boufitwi's Distillery.
 20023 | D:11     | Found a staircase to the Orcish Mines.
 20140 | D:12     | Gained mutation: Your large and strong wings let you fly.
                  | [Black Draconian growth]
 20140 | D:12     | Reached XP level 14. HP: 121/121 MP: 23/23
 20272 | D:12     | Noticed Psyche
 20277 | D:12     | Killed Psyche
 20320 | D:12     | Found a portal to a secret trove of treasure.
 20928 | D:13     | Noticed Jorgrun
 20968 | D:13     | Killed Jorgrun
 21130 | D:13     | Noticed Rupert
 21142 | D:13     | Killed Rupert
 21363 | D:13     | You are sucked into a shaft and drop 2 floors!
 21363 | D:15     | Entered Level 15 of the Dungeon
 21380 | D:15     | Reached skill level 15 in Dodging
 21433 | D:15     | Found Nitatofa's Antique Weapon Boutique.
 21433 | D:15     | Found Hayza's Assorted Antiques.
 21437 | D:15     | Found Ejueteaf's Distillery.
 21438 | D:15     | Found Pockime's Antique Armour Boutique.
 21450 | D:15     | Bought a potion of cancellation for 112 gold pieces
 21450 | D:15     | Bought a potion of berserk rage for 70 gold pieces
 21499 | D:13     | Found an ornate altar of the Wu Jian Council.
 22713 | D:14     | Noticed an ironbound preserver
 22728 | D:14     | Killed an ironbound preserver
 22815 | D:14     | Found a gate to the Vaults.
 23272 | D:14     | Got the Information on Grit
 24154 | D:15     | Noticed Nessos
 24167 | D:15     | Killed Nessos
 24317 | D:15     | Noticed Kirke
 24330 | D:15     | Killed Kirke
 24586 | D:15     | Noticed a brown very ugly thing
 24604 | D:15     | Killed a purple very ugly thing
 24618 | D:15     | Reached XP level 15. HP: 88/134 MP: 24/24
 24841 | D:15     | Found a staircase to the Depths.
 25158 | Orc:1    | Entered Level 1 of the Orcish Mines
 25901 | Orc:1    | Found a shimmering blue altar of Sif Muna.
 25936 | Orc:1    | Got Sif Muna's Atlas of Blasted Despicable Acts
 26093 | Orc:2    | Entered Level 2 of the Orcish Mines
 26099 | Orc:2    | Noticed Saint Roka
 26362 | Orc:2    | Noticed Azrael
 26547 | Orc:1    | Killed Azrael
 27411 | Orc:1    | Killed Saint Roka
 27877 | Orc:2    | Found a staircase to the Elven Halls.
 28038 | Orc:2    | Found Giuwin's General Store.
 28192 | Orc:2    | Found Loyrghik's Magic Scroll Shop.
 28290 | Orc:2    | Reached skill level 15 in Fighting
 28319 | Orc:2    | Bought a scroll of identify for 30 gold pieces
 28319 | Orc:2    | Bought a scroll of identify for 30 gold pieces
 28321 | Orc:2    | Bought a scroll of torment for 142 gold pieces
 29149 | Orc:2    | Found Qeavvi Goff's Book Emporium.
 29149 | Orc:2    | Found a one-way gate leading to the halls of Pandemonium.
 29149 | Orc:2    | Found Titwuful's Antique Armour Shoppe.
 29495 | Snake:1  | Entered Level 1 of the Snake Pit
 29707 | Snake:1  | Identified the +1 robe of Trumpets {Will+ SInv}
 30409 | Snake:1  | HP: 6/133 [constriction (2)]
 30414 | Snake:1  | HP: 4/133 [/a scroll of torment (1)]
 30793 | Snake:1  | Reached XP level 16. HP: 108/143 MP: 29/29
 31037 | Abyss:1  | Cast into level 1 of the Abyss (salamander)
 31265 | Abyss:1  | Paralysed by accursed screaming for 1 turns
 31577 | Abyss:1  | Reached skill level 10 in Spellcasting
 31734 | Snake:1  | Escaped the Abyss
 32695 | Snake:2  | Reached skill level 10 in Air Magic
 34081 | Snake:2  | Noticed Donald
 34096 | Snake:2  | Killed Donald
 34489 | Snake:3  | Found Fuwacsa's Weapon Emporium.
 34491 | Snake:3  | Found Sobekkin's Weapon Shoppe.
 34491 | Snake:3  | Found Jugu's Armour Emporium.
 34494 | Snake:3  | Found Ciolugru's Antique Weapon Shoppe.
 34825 | Snake:3  | Noticed Aizul
 34840 | Snake:3  | Killed Aizul
 35015 | Snake:3  | Found a hazy altar of Hepliaklqana.
 35863 | Snake:3  | Reached XP level 17. HP: 158/158 MP: 32/32
 35873 | Snake:3  | Learned a level 8 spell: Maxwell's Capacitive Coupling
 36038 | Snake:3  | Identified the +3 robe of Space {rPois Str+4}
 36386 | Shoals:1 | Entered Level 1 of the Shoals
 36536 | Shoals:1 | Acquired 954 gold pieces
 38054 | Shoals:2 | Identified the amulet of Ashenzari's Approval {Spirit
                  | Dex+2}
 38126 | Shoals:2 | HP: 5/150 [drowned by a water nymph (9)]
 38129 | Shoals:3 | Found Paxejoeg's Distillery.
 38167 | Shoals:3 | Reached XP level 18. HP: 13/153 MP: 34/34
 38524 | Shoals:3 | Noticed Mlioglotl
 38543 | Shoals:3 | Killed Mlioglotl
 39079 | Shoals:3 | Found a runed translucent door.
 39900 | Shoals:2 | Reached skill level 15 in Air Magic
 41029 | Shoals:3 | Found Udamnool's Weapon Shoppe.
 41031 | Shoals:3 | Bought a +0 triple crossbow for 170 gold pieces
 41385 | Elf:1    | Entered Level 1 of the Elven Halls
 41705 | Elf:1    | HP: 4/152 [deep elf death mage/vampiric draining (7)]
 41706 | Elf:1    | Killed themself with a bounced orb of electricity

Illustrated notes

Levels and vault maps discovered:
D:1:      heliophobic_arrival_battle_scene, layout_loops_ring,
          chequers_ecumenical_altar_simple
D:2:      layout_loops_cross, serial_shops, shop, uniq_terence
D:3:      layout_loops_ring, dancing_weapons_uskayaw, okawaru_metal_pillars_1_2,
          mainiacjoe_overflow_cross_hatched
D:4:      layout_cave_pods, grunt_temple_overflow_holy_war, lemuel_doored_altar,
          minmay_temple_entry_glass
D:5:      corexii_shack_village, layout_gridville, mainiacjoe_overflow_chevrons,
          gup_sewer_entry_pipe, nicolae_shop_self_help
D:6:      layout_basic, serial_demonic, serial_demonic_d, serial_demonic_e,
          serial_demonic_g, serial_demonic_a, serial_demonic_c, serial_demonic_b
D:7:      layout_basic, nicolae_ru_path_of_blood, minmay_small_thing
D:8:      layout_basic, hellmonk_lair_entry_icy, supply_closet_lemuel
D:9:      layout_loops_ring, serial_shops, nicolae_diamond_shop, uniq_grum
D:10:     layout_loops_ring, lemuel_crystal_altar, minmay_misc_feat_cross,
          uniq_josephine
D:11:     layout_loops_cross, erik_orc_2, serial_shops, nicolae_square_shop,
          nicolae_lakefront_shop, nicolae_shop_hallway_stairs,
          nicolae_take_the_stairs, minmay_increasing_density
D:12:     layout_basic, trove_entry_hex_spiral, corexii_hall_statues_x,
          uniq_psyche
D:13:     layout_layer_cave, nicolae_wu_jian_immortal_techniques, uniq_jorgrun,
          uniq_rupert
D:14:     layout_stronghold, skrybe_vaults_entry_preservation,
          lemuel_flame_loot_1
D:15:     gammafunk_enter_depths_forms, layout_irregular_city,
          grunt_decor_one_mirror, minmay_shop_grid_forest,
          minmay_misc_feat_room, uniq_nessos, uniq_kirke
Lair:1:   layout_small_grid, ebering_ghost_reflecting_pool, lemuel_fruit_fields
Lair:2:   gammafunk_indiana_jones, layout_regular_city,
          elwin_shoals_entry_stream
Lair:3:   pond_and_an_island_with_a_cottage, layout_cave_pods,
          guppyfry_snake_entry_garden
Lair:4:   layout_gridlike, basic_altar
Lair:5:   gammafunk_lair_ancient_temple, layout_cave_pods, slime_entry_1,
          lightli_volcano_entry_magma_tube, kennysheep_abandoned_house
Shoals:1: layout_shoals, nicolae_shoals_water_booths
Shoals:2: layout_shoals, nicolae_shoals_aquamancer_cove
Shoals:3: nicolae_shoals_offshore_bank_account, layout_shoals,
          nicolae_stop_n_shop_1, nicolae_shoals_c_island, uniq_mlioglotl
Snake:1:  layout_misc_corridors
Snake:2:  layout_grid_maze, serial_bayou_shore_b, uniq_donald
Snake:3:  layout_chambers, basic_altar, grunt_megastairs_4, minmay_shoptagon,
          uniq_aizul
Orc:1:    layout_caves, led_sif_book
Orc:2:    pf_orc_diabolical, layout_caves, uniq_saint_roka, uniq_azrael
Elf:1:    layout_geoelf_diagonals, serial_shops, nicolae_shop_hallway_plus,
          hangedman_elf_represent

Skill      XL: |  1  2  3  4  5  6  7  8  9 10 11 12 13 14 15 16 17 18 |
---------------+-------------------------------------------------------+-----
Summonings     | 0 |  0.0
Conjurations   | 2 3 4 5 6 |  6.1
Axes           | 1 2 3 5 6 7 9 10 13 16 | 16.0
Spellcasting   | 4 5 6 9 11 12 13 | 13.4
Dodging        | 3 5 6 8 10 12 16 | 16.3
Fighting       | 3 5 7 10 12 16 | 16.0
Air Magic      | 3 6 8 13 14 15 | 15.9
Stealth        | 0 |  0.0
Translocations | |  1.0

Action                     |  1- 3 |  4- 6 |  7- 9 | 10-12 | 13-15 | 16-18 || total
---------------------------+-------+-------+-------+-------+-------+-------++-------
  Melee: Dagger            |     9 |       |       |       |       |       ||     9
         Tailslap          |     2 |     6 |    18 |    58 |   167 |   102 ||   353
         Executioner's axe |    19 |    83 |   171 |   459 |   971 |   536 ||  2239
         Punch             |     1 |       |       |       |       |       ||     1
  Throw: Throwing net      |       |       |       |       |     3 |       ||     3
         Dart              |       |       |       |       |     3 |     1 ||     4
   Cast: Magic Dart        |    61 |    96 |    82 |    32 |    47 |       ||   318
         Mephitic Cloud    |       |       |       |    18 |    18 |     6 ||    42
         Airstrike         |       |       |       |     1 |       |   137 ||   138
         Blink             |       |       |       |       |       |     1 ||     1
 Invoke: Sacrifice Arcana  |     1 |       |       |       |       |       ||     1
         Sacrifice Drink   |       |     1 |       |       |       |       ||     1
         Sacrifice Purity  |       |       |     1 |       |       |       ||     1
         Draw Out Power    |       |       |       |     2 |     2 |     6 ||    10
         Sacrifice Stealth |       |       |       |     1 |       |       ||     1
         Sacrifice Artific |       |       |       |     1 |       |       ||     1
         Sacrifice Essence |       |       |       |     1 |       |       ||     1
         Apocalypse        |       |       |       |       |     8 |     3 ||    11
         Power Leap        |       |       |       |       |       |     2 ||     2
Ability: Breathe Lightning |       |       |     3 |     9 |    10 |     7 ||    29
  Evoke: Wand              |       |       |     6 |     5 |       |       ||    11
    Use: Scroll            |     1 |     5 |     1 |     9 |    21 |    12 ||    49
         Potion            |       |       |       |       |     1 |     8 ||     9
   Stab: Sleeping          |     1 |     1 |     3 |       |       |       ||     5
         Invisible         |       |       |       |     5 |    17 |     6 ||    28
         Distracted        |       |       |       |     1 |     7 |     5 ||    13
         Confused          |       |       |       |    10 |    10 |     1 ||    21
         Paralysed         |       |       |       |       |    16 |    10 ||    26
         Held in net/web   |       |       |       |       |     1 |       ||     1
 Armour: Skin              |     7 |    45 |    96 |   206 |   327 |   211 ||   892
  Dodge: Dodged            |    28 |    59 |   162 |   355 |   727 |   492 ||  1823
  Block: Other             |       |       |       |       |   147 |   140 ||   287
         Reflection        |       |       |       |       |     8 |    16 ||    24

Table legend: (Time is in decaauts)
 A = Elapsed time spent in this place.
 B = Non-inter-level travel time spent in this place.
 C = Inter-level travel time spent in this place.
 D = Time resting spent in this place.
 E = Time spent auto-exploring this place.
 F = Levels seen in this place.
 G = Mean time per level.
                   A        B        C        D        E       F      G
               +--------+--------+--------+--------+--------+-----+--------+
         Total |  42342 |  40520 |   1822 |  13591 |  19190 |  32 | 1323.2 |
       Dungeon |  18553 |  17643 |    910 |   4551 |  10190 |  15 | 1236.9 |
          Lair |   7714 |   7264 |    450 |   2340 |   3747 |   5 | 1542.8 |
        Shoals |   4814 |   4651 |    163 |   1751 |   1827 |   3 | 1604.7 |
     Snake Pit |   5480 |   5350 |    130 |   2033 |   2671 |   3 | 1826.7 |
  Orcish Mines |   3744 |   3578 |    166 |   2017 |    690 |   2 | 1872.0 |
   Elven Halls |    324 |    324 |      0 |    161 |     64 |   1 |  324.0 |
         Abyss |    709 |    709 |      0 |    231 |      0 |   1 |  709.0 |
         Sewer |    657 |    657 |      0 |    275 |      0 |   1 |  657.0 |
       Volcano |    343 |    343 |      0 |    231 |      0 |   1 |  343.0 |
               +--------+--------+--------+--------+--------+-----+--------+

Top non-repeatable levels by time:
    D:11: 2426 daAuts
  Lair:3: 2326 daAuts
  Lair:1: 2015 daAuts
   Orc:1: 1987 daAuts
Shoals:3: 1952 daAuts
 Snake:2: 1924 daAuts
 Snake:3: 1846 daAuts
  Lair:2: 1815 daAuts
   Orc:2: 1756 daAuts
 Snake:1: 1708 daAuts
     D:5: 1641 daAuts
    D:14: 1626 daAuts
     D:8: 1501 daAuts
    D:13: 1487 daAuts
     D:9: 1465 daAuts
